 Dungeon Crawl Stone Soup version 0.22-a0-779-g6f83d72c62 (webtiles) character file.

2463 Htamos the Nimble (level 9, -14/73 HPs)
             Began as a Spriggan Berserker on July 19, 2018.
             Was a Priest of Trog.
             Demolished by a skeletal warrior
             ... wielding a +0 glaive
             ... led by a skeletal warrior
              (26 damage)
             ... on level 6 of the Dungeon.
             The game lasted 00:19:04 (7479 turns).

Htamos the Nimble (Spriggan Berserker)              Turns: 7479, Time: 00:19:04

Health: -14/73     AC:  2    Str: 19    XL:     9   Next: 26%
Magic:  10/10      EV: 24    Int:  7    God:    Trog [***...]
Gold:   290        SH:  9    Dex: 17    Spells: 8/8 levels left

rFire    . . .     SeeInvis +     - Unarmed
rCold    . . .     Gourm    .   h - +0 buckler
rNeg     . . .     Faith    .   a - +0 animal skin
rPois    .         Spirit   .   (helmet restricted)
rElec    .         Reflect  .   (no cloak)
rCorr    .         Harm     .   (gloves unavailable)
MR       +++..                  (boots unavailable)
Stlth    ..........             (no amulet)
HPRegen  1.22/turn              (no ring)
MPRegen  0.12/turn              (no ring)

@: berserking (expiring), regenerating, very quick
A: very small, unfitting armour, antennae 1, large bone plates 1, see invisible,
dopey 1, herbivore, speed 3, slow metabolism 2, no potion heal 1
a: Berserk, Trog's Hand, Renounce Religion


You were on level 6 of the Dungeon.
You worshipped Trog.
Trog was most pleased with you.
You were not hungry.

You visited 1 branch of the dungeon, and saw 6 of its levels.

You collected 290 gold pieces.

Inventory:

Hand Weapons
 n - the +1 short sword "Yngos" {antimagic, rPois Int+4}
   (You took it off an orc on level 3 of the Dungeon)

   It reduces the magical energy of the wielder, and disrupts the spells and
   magical abilities of those hit.
   Natural abilities and divine invocations are not affected.
   It affects your intelligence (+4).
   It protects you from poison.
Armour
 a - a +0 animal skin (worn)
 h - a +0 buckler (worn)
Jewellery
 g - an uncursed amulet of faith {unknown}
 l - an uncursed ring of resist corrosion {unknown}
Wands
 e - a wand of random effects (23)
Scrolls
 d - 3 scrolls of remove curse
 f - a scroll of blinking
 j - 3 scrolls of amnesia
 k - 4 scrolls of teleportation
 p - 2 scrolls of enchant armour {unknown}
 q - a scroll of acquirement {unknown}
 s - a scroll of fog {unknown}
 u - a scroll of random uselessness {unknown}
Potions
 c - 2 potions of cancellation
 i - 3 potions of curing
 o - 2 potions of brilliance
 t - a potion of degeneration
Comestibles
 b - a ration


   Skills:
 * Level 6.5 Fighting
 + Level 9.6 Dodging
 * Level 7.4 Unarmed Combat


You had 8 spell levels left.
You didn't know any spells.
Your spell library was empty.

Dungeon Overview and Level Annotations

Branches:
Dungeon (6/15)             Temple (0/1) D:5

Altars:
Ashenzari
Cheibriados
Makhleb
Vehumet
Wu Jian
Beogh

Shops:
D:6 =


Innate Abilities, Weirdness & Mutations

You are very small and have problems with some larger weapons.
You are too small for most types of armour.
You have supernaturally acute eyesight. (SInv)
You are a herbivore.
You cover ground extremely quickly.
You need to consume almost no food.
You have a pair of small antennae on your head.
You are partially covered in large bone plates. (SH +4)
You are dopey. (Int -2)
Potions are less effective at restoring your health.


Message History

The skeletal warrior closely misses you.
You hit the skeletal warrior.
The skeletal warrior is heavily damaged.
You barely miss the skeletal warrior.
The skeletal warrior is heavily damaged.
You punch the skeletal warrior!
The skeletal warrior is severely damaged.
You block the skeletal warrior's attack.
You hit the skeletal warrior but do no damage.
The skeletal warrior is severely damaged.
You punch the skeletal warrior!
The skeletal warrior is severely damaged.
You feel the effects of Trog's Hand fading.
You block the skeletal warrior's attack.
You hit the skeletal warrior but do no damage.
The skeletal warrior is severely damaged.
You closely miss the skeletal warrior.
The skeletal warrior is severely damaged.
The skeletal warrior hits you with a glaive!!
You die...

##### #### ##...## #...
##.....## #..) #.......#
#####... #.......#
##..z.z..
#.......#########..######
##......@..............#
#......z##########.....##
#.......## #......#
#...>....##############..
##.....#....#..........##
##...##...............#
#####................#
#.......###..#####
#.......#....#


You could see a skeletal warrior.

Vanquished Creatures
  A skeletal warrior (D:5)
  The ghost of vierth the Cleaver, a novice MiFi (D:3)
  Menkaure (D:4)
  2 orc warriors
  An ice beast (D:6)
  An ogre (D:4)
  The ghost of temitten the Skirmisher, an amateur DsFi of Makhleb (D:3)
  A bullfrog (D:6)
  4 wights (D:6)
  A crimson imp (D:4)
  A quasit (D:6)
  9 orc wizards
  3 orc priests
  A centaur skeleton (D:6)
  8 worker ants
  A worker ant zombie (D:6)
  3 gnolls
  5 adders
  A shadow imp (D:6)
  2 oozes
  4 adder skeletons
  A worm (D:6)
  3 leopard geckos
  21 orcs
  3 ball pythons
  8 bats
  4 giant cockroaches
  10 goblins
  8 hobgoblins
  3 jackals (D:6)
  6 kobolds
  2 quokkas
  5 frilled lizards
  A jackal zombie (D:5)
  A leopard gecko skeleton (D:2)
  2 rats (D:3)
130 creatures vanquished.

Notes
Turn   | Place    | Note
-------+----------+-------------------------------------------
     0 | D:1      | Htamos the Spriggan Berserker began the quest for the Orb.
     0 | D:1      | Reached XP level 1. HP: 11/11 MP: 2/2
   135 | D:1      | Reached XP level 2. HP: 16/16 MP: 3/3
   419 | D:1      | Reached skill level 5 in Dodging
   777 | D:1      | Reached XP level 3. HP: 19/19 MP: 4/4
   945 | D:2      | Found a snail-covered altar of Cheibriados.
   972 | D:2      | Reached ** piety under Trog
  1459 | D:2      | Gained mutation: You expend magic power (3 MP) to strengthen your wands. [potion of mutation]
  1459 | D:2      | Gained mutation: You have a pair of small antennae on your head. [potion of mutation]
  1460 | D:2      | Lost mutation: You expend magic power (3 MP) to strengthen your wands. [potion of mutation]
  1460 | D:2      | Gained mutation: You are dopey. (Int -2) [potion of mutation]
  1460 | D:2      | Gained mutation: Potions are less effective at restoring your health. [potion of mutation]
  1460 | D:2      | Gained mutation: You are partially covered in large bone plates. (SH +4) [potion of mutation]
  1967 | D:3      | Reached XP level 4. HP: 15/23 MP: 5/5
  2368 | D:3      | Reached XP level 5. HP: 28/28 MP: 6/6
  2486 | D:3      | Found a runed gate.
  2486 | D:3      | Found a runed gate.
  2486 | D:3      | Found a runed gate.
  2488 | D:3      | Noticed temitten's ghost (amateur DsFi)
  2857 | D:3      | Killed temitten's ghost
  2857 | D:3      | Reached skill level 6 in Dodging
  3052 | D:4      | Noticed an ogre
  3362 | D:4      | Reached XP level 6. HP: 27/32 MP: 7/7
  3559 | D:4      | Noticed Menkaure
  3604 | D:4      | Killed Menkaure
  3766 | D:4      | Found a runed gate.
  3766 | D:4      | Found a runed gate.
  3766 | D:4      | Found a runed gate.
  3783 | D:4      | Noticed vierth's ghost (novice MiFi)
  3786 | D:4      | Found a roughly hewn altar of Beogh.
  3859 | D:3      | Got a polished short sword {antimagic}
  3860 | D:3      | Identified the cursed +1 short sword "Yngos" {antimagic, rPois Int+4} (You took it off an orc on level 3 of the Dungeon)
  4005 | D:3      | Killed vierth's ghost
  4005 | D:3      | Reached skill level 7 in Dodging
  4005 | D:3      | Reached skill level 5 in Unarmed Combat
  4005 | D:3      | Reached XP level 7. HP: 37/37 MP: 8/8
  4634 | D:4      | Found a burning altar of Makhleb.
  4634 | D:4      | Found a radiant altar of Vehumet.
  4749 | D:4      | Reached *** piety under Trog
  5005 | D:4      | Reached skill level 8 in Dodging
  5005 | D:4      | Reached XP level 8. HP: 28/42 MP: 9/9
  5238 | D:5      | Entered Level 5 of the Dungeon
  5531 | D:5      | Found an ornate altar of the Wu Jian Council.
  5812 | D:5      | Found a staircase to the Ecumenical Temple.
  5938 | D:5      | Reached skill level 5 in Fighting
  6502 | D:6      | Found a shattered altar of Ashenzari.
  6701 | D:6      | Reached skill level 9 in Dodging
  6955 | D:6      | Found Nebant's Jewellery Emporium.
  6962 | D:6      | Noticed a skeletal warrior
  6963 | D:6      | Noticed a skeletal warrior
  6963 | D:6      | Noticed a skeletal warrior
  7431 | D:5      | Killed a skeletal warrior
  7431 | D:5      | Reached XP level 9. HP: 49/49 MP: 10/10
  7479 | D:6      | Demolished by a skeletal warrior

Vault maps used:
D:1:      lemuel_arrival_tunnels, palyth_stone_intersect, minivault_26,
          dk_noncrumbling_3
D:2:      cheibriados_altar_1, minmay_crystal_water, glass_columns_c
D:3:      kennysheep_big_flooded_room, ebering_ghost_rock_garden
D:4:      grunt_temple_overflow_lords_of_destruction,
          biasface_ghost_orc_armoury, uniq_menkaure
D:5:      lemuel_crystal_altar, lemuel_temple_firewalk_a, first_ration
D:6:      nicolae_dithmenos_through_a_glass_darkly, serial_shops,
          nicolae_shop_crystal, cheibrodos_ashenzari_chains

Skill      XL: |  1  2  3  4  5  6  7  8 |
---------------+-------------------------+-----
Dodging        | 5 6 7 8 9 |  9.6
Unarmed Combat | 3 4 5 7 |  7.4
Fighting       | 3 4 6 |  6.5

Action                   |  1- 3 |  4- 6 |  7- 9 || total
-------------------------+-------+-------+-------++-------
Melee: Unarmed           |   129 |   155 |   359 ||   643
Invok: Berserk           |     2 |     7 |     8 ||    17
       Trog's Hand       |       |     1 |     9 ||    10
Evoke: Wand              |       |       |     7 ||     7
  Use: Scroll            |     4 |     3 |     6 ||    13
       Potion            |     2 |     3 |     2 ||     7
 Stab: Sleeping          |     2 |     1 |       ||     3
  Eat: Ration            |       |     4 |     8 ||    12
Armor: Animal skin       |     8 |     3 |    11 ||    22
Dodge: Dodged            |   107 |    78 |   223 ||   408
Block: Buckler           |    22 |    59 |   157 ||   238

Table legend:
 A = Spawn XP
 B = Non-spawn XP
 C = Spawn XP percentage of total XP
 D = Spawn monster count
 E = Non-spawn monster count
 F = Spawn count percentage of total count
 G = Total turns spent on level
                    A         B        C        D         E        F      G
               +---------+---------+-------+---------+---------+-------+---------
         Total |       0 |    3519 |   0.0 |       0 |     130 |   0.0 |  7479
               +---------+---------+-------+---------+---------+-------+---------
           D:1 |       0 |      42 |   0.0 |       0 |      22 |   0.0 |   916
           D:2 |       0 |      27 |   0.0 |       0 |       9 |   0.0 |   910
           D:3 |       0 |     748 |   0.0 |       0 |      30 |   0.0 |  1761
           D:4 |       0 |     691 |   0.0 |       0 |      27 |   0.0 |  1651
           D:5 |       0 |    1066 |   0.0 |       0 |      16 |   0.0 |  1316
           D:6 |       0 |     945 |   0.0 |       0 |      26 |   0.0 |   925
               +---------+---------+-------+---------+---------+-------+---------
